 Dungeon Crawl Stone Soup version 0.20-a0-204-ge9bc5e3 (webtiles) character file.

176 yukitheduck the Conjurer (level 5, 0/38 HPs)
             Began as a Demigod Wizard on Nov 24, 2016.
             Slain by an orc wizard
             ... wielding a +0 dagger
              (4 damage)
             ... on level 4 of the Dungeon.
             The game lasted 00:18:21 (2667 turns).

yukitheduck the Conjurer (Demigod Wizard)           Turns: 2667, Time: 00:18:21

Health: 0/38       AC:  2    Str: 10    XL:     5   Next: 8%
Magic:  1/12       EV: 12    Int: 24    God:
Gold:   151        SH:  0    Dex: 14    Spells: 9/10 levels left

rFire  . . .     SeeInvis .     (no weapon)
rCold  . . .     Gourm    .     a - +0 robe
rNeg   . . .     Faith    .     (no shield)
rPois  .         Spirit   .     b - +0 hat
rElec  .         Reflect  .     (no cloak)
rCorr  .         Harm     .     (no gloves)
MR     .....                    (no boots)
Stlth  ++........               n - amulet of rage
                                (no ring)
                                (no ring)

@: lethally poisoned (0 -> -10)
A: high mp 1
a: Evoke Berserk Rage


You were on level 4 of the Dungeon.
You were not hungry.

You visited 1 branch of the dungeon, and saw 4 of its levels.

You collected 151 gold pieces.

Inventory:

Armour
 a - a +0 robe (worn)
 b - a +0 hat (worn)
Jewellery
 n - an amulet of rage (around neck)
Wands
 f - a wand of slowing (15/48)
Scrolls
 e - 4 scrolls of identify {unknown}
 h - 2 scrolls of recharging {unknown}
 j - 4 scrolls of blinking {unknown}
 l - a scroll of enchant weapon {unknown}
 o - 2 scrolls of remove curse {unknown}
 p - 2 scrolls of amnesia {unknown}
Potions
 g - 2 potions of agility {unknown}
 i - 2 potions of curing {unknown}
 k - 3 potions of lignification {unknown}
Books
 c - a book of Minor Magic

   Spells                             Type                      Level
   a - Magic Dart                     Conjuration                  1
   b - Blink                          Translocation                2
   c - Call Imp                       Summoning                    2
   d - Repel Missiles                 Charms/Air                   2
   e - Slow                           Hexes                        2
   f - Conjure Flame                  Conjuration/Fire             3
   g - Mephitic Cloud                 Conjuration/Poison/Air       3
Comestibles
 d - a bread ration
 m - 2 beef jerkies
 q - 4 chunks of flesh


   Skills:
 - Level 1.7 Dodging
 - Level 1.7 Stealth
 + Level 3.0 Spellcasting
 - Level 4.5 Conjurations
   Level 0.8 Summonings
   Level 0.8 Translocations


You had 9 spell levels left.
You knew the following spells:

 Your Spells              Type           Power        Failure   Level  Hunger
a - Magic Dart            Conj           ####         1%          1    None


Dungeon Overview and Level Annotations

Branches:
Dungeon (4/15)
 Temple: D:4-7

Annotations:
D:4 brahma's ghost, amateur GrGl


Innate Abilities, Weirdness & Mutations

You have an increased reservoir of magic. (+10% MP)


Message History

The orc wizard blinks!
The worker ant bites you but does no damage.
You hit the worker ant.
The worker ant is almost dead.
* * * LOW HITPOINT WARNING * * *
You feel sick. The worker ant bites you.
* * * LOW HITPOINT WARNING * * *
You are more poisoned.
The worker ant poisons you! The orc wizard closely misses you.
The worker ant closely misses you.
You barely miss the worker ant.
The worker ant is almost dead.
* * * LOW HITPOINT WARNING * * *
You feel sick. The orc wizard barely misses you.
The worker ant barely misses you.
You closely miss the worker ant.
The worker ant is almost dead.
* * * LOW HITPOINT WARNING * * *
You feel sick. The orc wizard hits you with a dagger.
You die...

... .... ...#
... #.. #a# #a##
#@## #o.# ##.##
##.## ##
##.##########...
#..)......<.#
##..#########
#..## #.##


You could see 2 worker ants and an orc wizard.

Vanquished Creatures
  An orc priest (D:4)
  An orc wizard (D:4)
  Jessica (D:3)
  Robin (D:3)
  An adder (D:3)
  A dart slug (D:1)
  2 leopard geckos
  4 orcs
  2 giant cockroaches
  18 goblins
  8 hobgoblins
  2 jackals (D:3)
  3 kobolds
  A quokka (D:3)
  2 ball pythons
  5 bats
  3 frilled lizards
  7 rats
63 creatures vanquished.

Notes
Turn   | Place    | Note
-------+----------+-------------------------------------------
     0 | D:1      | yukitheduck the Demigod Wizard began the quest for the Orb.
     0 | D:1      | Reached XP level 1. HP: 14/14 MP: 6/6
     1 | D:1      | Reached skill level 1 in Conjurations
   182 | D:1      | You fall through a shaft!
   317 | D:1      | Reached skill level 2 in Conjurations
   317 | D:1      | Reached XP level 2. HP: 20/20 MP: 4/8
  1016 | D:2      | Found a hide-covered altar of Uskayaw.
  1074 | D:2      | Reached XP level 3. HP: 26/26 MP: 4/9
  1400 | D:3      | Reached skill level 3 in Conjurations
  1491 | D:3      | Found a faded altar of an unknown god.
  1722 | D:3      | Noticed Robin
  1749 | D:3      | Killed Robin
  2046 | D:3      | Found an iron altar of Okawaru.
  2048 | D:3      | Reached XP level 4. HP: 33/33 MP: 8/10
  2163 | D:3      | Noticed Jessica
  2165 | D:3      | Killed Jessica
  2165 | D:3      | Reached skill level 4 in Conjurations
  2530 | D:4      | Noticed brahma's ghost (amateur GrGl)
  2654 | D:4      | Reached XP level 5. HP: 38/38 MP: 3/12
  2667 | D:4      | Slain by an orc wizard

Vault maps used:
D:1:      dpeg_arrival_long_road
D:2:      lemuel_tele_altar
D:3:      chequers_ecumenical_altar_simple_redux,
          hangedman_decor_clover_reticule, kennysheep_pointless_box,
          okawaru_gym_becter, uniq_jessica, uniq_robin

Skill      XL: |  1  2  3  4 |
---------------+-------------+-----
Conjurations   | 2 3 4 |  4.5
Spellcasting   | 3 |  3.0
Dodging        | |  1.7
Stealth        | |  1.7
Summonings     | |  0.8
Translocations | |  0.8

Action                   |  1- 3 |  4- 6 || total
-------------------------+-------+-------++-------
Melee: Unarmed           |    28 |    12 ||    40
 Cast: Magic Dart        |   103 |    41 ||   144
 Abil: Evoke Berserk Rag |     1 |       ||     1
  Eat: Chunk             |     4 |     2 ||     6
Armor: Robe              |     2 |     1 ||     3
Dodge: Dodged            |    18 |    11 ||    29
